 Dungeon Crawl Stone Soup version 0.28-a0-1227-ga9037bb4c8 (webtiles) character file.

Game seed: 5063815467758612694

9412 Conn the Arsonist (level 11, -19/65 HPs)
             Began as an Octopode Fire Elementalist on Dec 22, 2021.
             Was a Follower of Sif Muna.
             Demolished by an orc warrior (27 damage)
             ... on level 10 of the Dungeon.
             The game lasted 00:30:04 (10378 turns).

Conn the Arsonist (Octopode Fire Elementalist)     Turns: 10378, Time: 00:30:05

Health: -19/65     AC:  1    Str: 17    XL:     11   Next: 46%
Magic:  8/23       EV: 14    Int: 22    God:    Sif Muna [*.....]
Gold:   403        SH:  0    Dex: 13    Spells: 6/27 levels left

rFire   + . .      SeeInvis .   a - staff of conjuration
rCold   x . .      Faith    .   (no shield)
rNeg    + . .      Spirit   .   (helmet restricted)
rPois   .          Reflect  .   E - amulet of the acrobat
rElec   .          Harm     .   w - +6 ring of strength
rCorr   .          Rampage  .   x - ring of willpower
Will    +....                   F - ring of flight
Stlth   ++++......              h - ring "Nacuecec" {Fire rN+ Str+4}
HPRegen 0.20/turn               (no ring)
MPRegen 0.18/turn               (no ring)
                                (no ring)
                                (no ring)

@: flying
A: almost no armour, amphibious, 8 rings, camouflage 1, gelatinous body 1,
(nimble swimmer 1), tentacles
a: Renounce Religion, Channel Magic


You were on level 10 of the Dungeon.
You worshipped Sif Muna.
Sif Muna was aware of your devotion.
You visited 2 branches of the dungeon, and saw 11 of its levels.

You collected 583 gold pieces.
You spent 180 gold pieces at shops.

Inventory:

Hand Weapons
 b - the +5 spear of Moodag {freeze, rC- rN+ rCorr Stlth+}
   (You found it on level 4 of the Dungeon)

   It freezes those it strikes, dealing additional cold damage.
   It can also slow down cold-blooded creatures.
   rC:        It makes you vulnerable to cold.
   rN:        It protects you from negative energy.
   rCorr:     It protects you from acid and corrosion.
   Stlth:     It makes you more stealthy.
 c - a +0 dagger
 r - a +1 dagger of speed
 y - the +7 whip of Zummio {distort, Stlth+}
   (You bought it in a shop on level 7 of the Dungeon)

   It warps and distorts space around it, and may blink, banish, or inflict
   extra damage upon those it strikes.
   Unwielding it can cause banishment or high damage.
   Stlth:     It makes you more stealthy.
Missiles
 j - 45 poisoned darts (quivered)
 p - a throwing net
Armour
 d - a +0 buckler
Magical Staves
 a - a staff of conjuration (weapon)
Jewellery
 h - the ring "Nacuecec" (on tentacle) {Fire rN+ Str+4}
   (You found it on level 9 of the Dungeon)

   [ring of fire]

   It enhances your fire magic.
   Str:       It affects your strength (+4).
   rF:        It protects you from fire.
   rC:        It makes you vulnerable to cold.
   rN:        It protects you from negative energy.
 w - a +6 ring of strength (left tentacle)
 x - a ring of willpower (right tentacle)
 E - an amulet of the acrobat (around mantle)
 F - a ring of flight (on tentacle)
 G - an amulet of regeneration
 H - an amulet of magic regeneration
Wands
 n - a wand of iceblast (14)
 o - a wand of polymorph (16)
 u - a wand of paralysis (14)
 A - a wand of acid (4)
Scrolls
 e - a scroll of silence
 f - 4 scrolls of enchant armour
 i - a scroll of blinking
 k - a scroll of amnesia
 l - 2 scrolls of fear
 m - 4 scrolls of teleportation
 q - 3 scrolls of magic mapping
 s - 2 scrolls of enchant weapon
 v - a scroll of holy word
 D - 2 scrolls of summoning
Potions
 g - 5 potions of curing
 t - a potion of heal wounds
 z - a potion of might
 B - a potion of lignification {unknown}


   Skills:
 + Level 2.5 Fighting
 + Level 2.6 Maces & Flails
 + Level 1.8 Polearms
 + Level 4.1 Dodging
 + Level 6.0 Stealth
 + Level 8.7 Spellcasting
 + Level 6.5 Conjurations
 + Level 2.2 Hexes
 + Level 4.4 Translocations
 + Level 9.0 Fire Magic
 * Level 2.9 Earth Magic
 * Level 5.2 Invocations
 + Level 0.7 Evocations


You had 6 spell levels left.
You knew the following spells:

 Your Spells              Type           Power      Damage    Failure   Level
a - Foxfire               Conj/Fire      100%       2x1d9     1%          1
b - Conjure Flame         Conj/Fire      78%        6-21      1%          3
c - Inner Flame           Hex/Fire       51%        N/A       1%          3
d - Flame Wave            Conj/Fire      78%        2d11      2%          4
e - Scorch                Fire           100%       2d10      1%          2
f - Teleport Other        Tloc           29%        N/A       3%          3
g - Lee's Rapid Deconstr  Erth           11%        3d9*      50%         5

Your spell library contained the following spells:

 Spells                   Type           Power      Damage    Failure   Level
 Gell's Gravitas          Tloc           29%        N/A       3%          3
 Lesser Beckoning         Tloc           29%        N/A       3%          3
 Leda's Liquefaction      Hex/Erth       10%        N/A       24%         4
 Statue Form              Tmut/Erth      10%        N/A       99%         6


Dungeon Overview and Level Annotations

Branches:
Dungeon (10/15)            Temple (1/1) D:6            Lair (0/6) D:10
    Orc: D:9-12

Altars:
Ashenzari
Cheibriados
Dithmenos
Fedhas
Gozag
Hepliaklqana
Kikubaaqudgha
Makhleb
Nemelex Xobeh
Okawaru
Qazlal
Ru
Sif Muna
Trog
Uskayaw
Vehumet
Wu Jian
Xom
Yredelemnul
Zin
The Shining One

Shops:
D:4 (   D:5 :   D:7 (

Annotations:
Abyss:1 hemabe71's ghost, novice HuAr


Innate Abilities, Weirdness & Mutations

You cannot wear most types of armour.
You are amphibious.
You can wear up to eight rings at the same time.
Your skin changes colour to match your surroundings (Stealth+).
Your rubbery body absorbs attacks. (AC +1, EV +1)
((You are camouflaged when in or above water. (Stealth+)))
You have tentacles for arms and can constrict up to eight enemies at once.


Message History

The foxfire hits the orc warrior.
The orc warrior is severely wounded.
The foxfire hits the orc warrior but does no damage.
The orc warrior is severely wounded.
The orc warrior barely misses you.
The foxfire hits the orc warrior but does no damage.
The orc warrior is severely wounded.
The foxfire hits the orc warrior but does no damage.
The orc warrior is severely wounded.
Unknown command.
Casting: Foxfire (safe; 1% risk of failure)
Confirm with . or Enter, or press ? or * to list all spells.
You feel a surge of power!
Flames lash the orc.
You kill the orc!
Sif Muna accepts your kill.
You hear some strange, mumbled words.
Something tries to affect you, but you resist.
The orc warrior closely misses you.
Casting: Scorch (safe; 1% risk of failure)
Confirm with . or Enter, or press ? or * to list all spells.
You feel a surge of power!
Flames lash something.
The orc warrior hits you from afar with a +0 glaive!!
Casting: Scorch (safe; 1% risk of failure)
Confirm with . or Enter, or press ? or * to list all spells.
Okay, then.
Unknown command.
Aiming: Iceblast
Press: ? - help, Shift-Dir - straight line, f/p - orc warrior
Aim: an orc warrior, wielding a +0 glaive and wearing a +0 plate armour (severely wounded)
The mass of ice explodes!
The iceblast engulfs something!
Sif Muna accepts your kill.
Reactivating autopickup.
You feel a bit more experienced. The iceblast engulfs you!!
You feel a painful chill!
* * * LOW HITPOINT WARNING * * *
The iceblast engulfs the orc warrior.
The orc warrior is severely wounded.
You hear a bellow!
You hear an angry hiss.
You hear a shout!
The orc warrior hits you from afar with a +0 glaive!!
You die...

............#
............#
...#...[....# .
.....>.#....#### #####).
....).[#........ .......
..............# ....)#
............#.####.....##
#................)o).....
................@........
#######....##.##..######.
#######........
#..#####+# #..# ....#
####.# .# .+


You could see an orc warrior.

Vanquished Creatures
  A two-headed ogre (D:9)
  4 death yaks (D:10)
  A wizard (D:7)
  A deep elf pyromancer (D:9)
  A deep elf zephyrmancer (D:8)
  Joseph (D:9)
  Psyche (D:8)
  A troll (D:6)
  A shadow (D:9)
  Sigmund (D:3)
  4 yaks (D:7)
  3 ice beasts
  2 hornet zombies
  A necrophage (D:7)
  4 ogres
  3 centaurs
  2 phantoms (D:6)
  3 bullfrogs
  A scorpion (D:5)
  6 killer bees
  3 wights (D:7)
  A howler monkey (D:8)
  3 hounds
  5 centaur zombies
  5 jellies
  A bullfrog skeleton (D:6)
  2 orc wizards
  An iguana (D:6)
  2 scorpion zombies (D:5)
  Ijyb (D:4)
  3 killer bee zombies
  2 centaur simulacra (D:8)
  2 hound zombies (D:5)
  2 hound skeletons
  7 gnolls
  4 adders (D:3)
  A shadow imp (D:5)
  A white imp (D:6)
  An ufetubus (D:6)
  A worm (D:3)
  4 orcs
  4 endoplasms
  3 giant cockroaches
  6 goblins
  4 hobgoblins
  2 jackals (D:2)
  A quokka (D:1)
  7 ball pythons
  5 bats
  3 frilled lizards
  6 kobolds
  5 rats
140 creatures vanquished.

Vanquished Creatures (collateral kills)
  A sky beast (D:8)
  4 killer bees (D:8)
  A howler monkey (D:8)
  A foxfire (D:7)
7 creatures vanquished.

Vanquished Creatures (others)
  584 foxfires
584 creatures vanquished.

Grand Total: 731 creatures vanquished

Notes
Turn   | Place    | Note
-------+----------+-------------------------------------------
     0 | D:1      | Conn the Octopode Fire Elementalist began the quest for the
                  | Orb.
     0 | D:1      | Reached XP level 1. HP: 11/11 MP: 3/3
   101 | D:1      | Found a faded altar of an unknown god.
   275 | D:1      | Reached XP level 2. HP: 17/17 MP: 3/5
   630 | D:2      | Reached XP level 3. HP: 14/21 MP: 0/6
  1375 | D:2      | You fall into a shaft and drop 1 floor!
  1375 | D:3      | Noticed Sigmund
  1403 | D:4      | Noticed Ijyb
  1723 | D:3      | Reached XP level 4. HP: 27/27 MP: 3/7
  1729 | D:3      | Learned a level 3 spell: Conjure Flame
  1733 | D:3      | Learned a level 3 spell: Inner Flame
  1874 | D:3      | Killed Sigmund
  1875 | D:3      | Reached skill level 4 in Fire Magic
  1875 | D:3      | Reached XP level 5. HP: 32/32 MP: 0/9
  2018 | D:3      | Reached XP level 6. HP: 35/37 MP: 5/10
  2471 | D:4      | Killed Ijyb
  2811 | D:4      | Reached skill level 1 in Fighting
  2886 | D:4      | Noticed an ice beast
  2895 | D:4      | Killed an ice beast
  2896 | D:4      | Reached XP level 7. HP: 43/43 MP: 3/13
  2897 | D:4      | Found Dituemm's Weapon Boutique.
  2999 | D:4      | Identified the +5 spear of Moodag {freeze, rC- rN+ rCorr
                  | Stlth+}
  3098 | D:4      | Found a stormy altar of Qazlal.
  3112 | D:4      | Reached skill level 5 in Fire Magic
  3438 | D:5      | Entered Level 5 of the Dungeon
  3797 | D:5      | Reached XP level 8. HP: 48/48 MP: 9/15
  4017 | D:5      | Found a basalt altar of Yredelemnul.
  4184 | D:5      | Reached skill level 5 in Spellcasting
  4466 | D:5      | Found a broken altar of Ashenzari.
  4613 | D:5      | Found Eqimoano's Book Boutique.
  4666 | D:5      | Learned a level 4 spell: Flame Wave
  4669 | D:5      | Learned a level 2 spell: Scorch
  4673 | D:5      | Learned a level 3 spell: Teleport Other
  4696 | D:6      | Found an ornate altar of the Wu Jian Council.
  4778 | D:6      | Reached skill level 6 in Fire Magic
  4803 | D:6      | Reached skill level 1 in Polearms
  4949 | D:6      | Reached skill level 1 in Translocations
  5101 | D:6      | Found a staircase to the Ecumenical Temple.
  5110 | Temple   | Entered the Ecumenical Temple
  5182 | D:6      | Found a sparkling altar of Nemelex Xobeh.
  5182 | D:6      | Found a shadowy altar of Dithmenos.
  5182 | D:6      | Found an opulent altar of Gozag.
  5476 | D:6      | Found a shimmering blue altar of Sif Muna.
  5522 | D:6      | Noticed a troll
  5562 | D:6      | Became a worshipper of Sif Muna the Loreminder
  5644 | D:6      | Killed a troll
  5645 | D:6      | Reached XP level 9. HP: 54/54 MP: 5/17
  5653 | D:6      | Reached skill level 5 in Stealth
  5784 | D:6      | Reached skill level 5 in Conjurations
  6123 | D:7      | Found Feulo's Antique Weapon Boutique.
  6139 | D:7      | Bought a glimmering whip for 180 gold pieces
  6139 | D:7      | Identified the +7 whip of Zummio {distort, Stlth+} (You
                  | bought it in a shop on level 7 of the Dungeon)
  6543 | D:7      | Found an iron altar of Okawaru.
  6581 | D:7      | Found an ancient bone altar of Kikubaaqudgha.
  6615 | D:7      | Found a hide-covered altar of Uskayaw.
  6763 | D:7      | Reached skill level 7 in Fire Magic
  6872 | D:7      | Noticed a wizard
  6889 | D:7      | Killed a wizard
  6890 | D:7      | Reached skill level 1 in Maces & Flails
  6890 | D:7      | Reached skill level 1 in Invocations
  6909 | D:7      | Identified the -2 hat "Jusiuroa" {Str+4}
  6982 | D:7      | Reached XP level 10. HP: 50/60 MP: 6/20
  7474 | D:8      | Found a runed translucent gate.
  7474 | D:8      | Found a runed translucent gate.
  7474 | D:8      | Found a runed translucent gate.
  7557 | D:8      | Reached skill level 1 in Hexes
  7642 | D:8      | Noticed hemabe71's ghost (novice HuAr)
  7926 | D:8      | Noticed Psyche
  7962 | D:8      | Killed Psyche
  8194 | D:8      | Noticed a deep elf zephyrmancer
  8201 | D:8      | Killed a deep elf zephyrmancer
  8202 | D:8      | Reached skill level 8 in Fire Magic
  8439 | D:8      | Banished hemabe71's ghost
  8566 | D:9      | Learned a level 5 spell: Lee's Rapid Deconstruction
  8752 | D:9      | Noticed Joseph
  8752 | D:9      | Noticed a two-headed ogre
  8763 | D:9      | Killed Joseph
  8763 | D:9      | Killed a two-headed ogre
  8763 | D:9      | Reached * piety under Sif Muna
  8764 | D:9      | Reached skill level 1 in Earth Magic
  9103 | D:9      | Reached XP level 11. HP: 65/65 MP: 17/23
  9698 | D:9      | Noticed a deep elf pyromancer
  9706 | D:9      | Killed a deep elf pyromancer
  9708 | D:9      | Identified the ring "Nacuecec" {Fire rN+ Str+4}
 10056 | D:10     | Entered Level 10 of the Dungeon
 10067 | D:10     | Noticed a death yak
 10076 | D:10     | Noticed a death yak
 10078 | D:10     | Noticed a death yak
 10079 | D:10     | Killed a death yak
 10085 | D:10     | Noticed a death yak
 10095 | D:10     | Killed a death yak
 10095 | D:10     | Killed a death yak
 10096 | D:10     | Reached skill level 5 in Invocations
 10103 | D:10     | Killed a death yak
 10104 | D:10     | Reached skill level 9 in Fire Magic
 10319 | D:10     | Found a staircase to the Lair.
 10378 | D:10     | Demolished by an orc warrior

Illustrated notes

Levels and vault maps discovered:
D:1:      grunt_arrival_lava_bath, layout_rooms,
          hellmonk_ecumenical_altar_leap_of_faith
D:2:      layout_loops_ring, serial_glass, glass_columns_a, glass_columns_c
D:3:      layout_rooms, chequers_garden, uniq_sigmund
D:4:      layout_cave_pools, nicolae_qazlal_general_emergency, serial_shops,
          nicolae_shop_hallway_plus, uniq_ijyb
D:5:      layout_cave_pools, nicolae_yredelemnul_corpse_copse,
          mainiacjoe_overflow_concentric_impassable, serial_shops,
          kennysheep_mini
D:6:      layout_loops_cross, chequers_temple_overflow_statue_of_worship,
          tgw_sif, nicolae_wu_jian_glorious_leap,
          minmay_temple_entry_statues_fountains
D:7:      cheibrodos_wizards_tower, layout_basic, kennysheep_little_box,
          mainiacjoe_overflow_swirl, serial_shops, nicolae_shop_crystal
D:8:      layout_cave_pools, gammafunk_ghost_necromancy, minmay_misc_feat_doors,
          guppyfry_early_elven_hall, uniq_psyche
D:9:      layout_basic, minmay_microvault, uniq_joseph
D:10:     minmay_the_grid_net [minmay_the_grid_minigrid_small,
          minmay_the_grid_armoury, minmay_the_grid_minigrid_medium,
          minmay_the_grid_expand, minmay_the_grid_dragon_b,
          minmay_the_grid_prize_four_corners], layout_basic, elyvilon_altar_3,
          dpeg_lair_monsters, st_stairs_6
Temple:   eino_wide_crystal_templ

Skill      XL: |  1  2  3  4  5  6  7  8  9 10 11 |
---------------+----------------------------------+-----
Stealth        | 3 4 5 6 |  6.0
Spellcasting   | 3 4 5 7 8 |  8.7
Conjurations   | 2 3 4 5 6 |  6.5
Fire Magic     | 4 5 6 7 8 9 |  9.0
Fighting       | 1 2 |  2.5
Dodging        | 3 4 |  4.1
Polearms       | 1 |  1.8
Translocations | 1 3 4 |  4.4
Maces & Flails | 1 2 |  2.6
Invocations    | 2 4 5 |  5.2
Hexes          | 2 |  2.2
Earth Magic    | 1 2 |  2.9
Evocations     | |  0.7

Action                   |  1- 3 |  4- 6 |  7- 9 | 10-12 || total
-------------------------+-------+-------+-------+-------++-------
Melee: Dagger            |    14 |     1 |       |       ||    15
       Constrict         |     4 |     1 |     6 |     3 ||    14
       Tentacles         |     3 |       |     7 |     4 ||    14
       Spear             |       |       |    33 |       ||    33
       Whip              |       |       |    10 |    18 ||    28
 Cast: Foxfire           |    62 |    70 |   131 |    77 ||   340
       Scorch            |       |       |    16 |     9 ||    25
       Conjure Flame     |       |       |     7 |     3 ||    10
       Inner Flame       |       |       |     3 |    10 ||    13
       Flame Wave        |       |       |       |     3 ||     3
       Teleport Other    |       |       |       |     1 ||     1
Evoke: Wand              |     2 |     4 |     1 |     2 ||     9
  Use: Scroll            |     1 |       |    14 |     3 ||    18
       Potion            |       |     3 |     1 |     4 ||     8
 Stab: Sleeping          |       |       |     5 |     3 ||     8
Armor: Skin              |     5 |    33 |     3 |     1 ||    42
Dodge: Dodged            |    31 |     9 |    44 |    28 ||   112

Table legend: (Time is in decaauts)
 A = Elapsed time spent in this place.
 B = Non-inter-level travel time spent in this place.
 C = Inter-level travel time spent in this place.
 D = Time resting spent in this place.
 E = Time spent auto-exploring this place.
 F = Levels seen in this place.
 G = Mean time per level.
                   A        B        C        D        E       F      G
               +--------+--------+--------+--------+--------+-----+--------+
         Total |  10340 |  10164 |    176 |    510 |   7556 |  11 |  940.0 |
       Dungeon |  10282 |  10117 |    165 |    510 |   7521 |  10 | 1028.2 |
        Temple |     57 |     46 |     11 |      0 |     35 |   1 |   57.0 |
               +--------+--------+--------+--------+--------+-----+--------+

Top non-repeatable levels by time:
     D:9: 1502 daAuts
     D:6: 1384 daAuts
     D:7: 1342 daAuts
     D:5: 1242 daAuts
     D:8: 1068 daAuts
     D:3: 1016 daAuts
     D:4: 941 daAuts
     D:2: 890 daAuts
     D:1: 572 daAuts
    D:10: 321 daAuts
  Temple: 57 daAuts
